Map: Dead of Night

Players

Nyerkos

  • Race: Zerg Zerg
  • Spawn Location: 0:00

NamroodTuo

  • Race: Zerg Zerg

VOD

Have the link to the VOD?

Description

Time

  • Played on: Jan. 11, 2023, 4:01 p.m.
  • Length: 29:38
Show
View Real Time Build Order
Export as new Build Order

Nyerkos Zerg 

Build Orders:  

Get SALT Encoding   

  6  0:17  Drone x2  
  6  0:18  Drone x2  
  8  0:28  Extractor  
  7  0:59  Extractor  
  7  1:00  Drone x2  
  7  1:01  Drone x4  
  7  1:02  Extractor  
  9  1:20  Spawning Pool  
  9  1:58  Baneling Nest  
  8  2:00  Centrifugal Hooks  
  8  2:07  Drone x2  
  8  2:08  Drone x6  
  12  2:39  Lair  
  12  2:56  Drone x2  
  14  3:25  Overlord  
  14  3:35  Spore Crawler  
  14  3:55  Evolution Chamber  
  15  4:04  Spine Crawler  
  16  4:20  Drone x2  
  16  4:21  Drone x8  
  16  4:23  Overlord  
  23  4:52  Corrosive Acid  
  23  4:53  Hive  
  23  5:03  Scourge Nest  
  25  5:13  Evolution Chamber  
  25  5:17  Evolution Chamber  
  24  5:28  Drone x2  
  24  5:29  Drone x2  
  26  5:30  Scourge Nest  
  27  5:53  Heroic Fortitude  
  27  6:04  Overlord x3  
  27  6:05  Overlord  
  29  6:11  Overlord  
  29  6:37  Rupture  
  31  6:47  Simplified Genome  
  33  7:22  Medusa Blades  
  33  7:23  Protective Cover  
  33  7:36  Drone x4  
  37  7:47  Virulent Spores  
  37  8:09  Overseer  
  39  8:10  Overseer x3  
  41  8:52  Zerg Ground Armor Level 1  
  41  9:07  Unknown  
  21  9:50  Overlord  
  21  9:51  Overlord x2  
  21  9:52  Overlord  
  21  9:53  Swarmling x3  
  21  9:54  Swarmling x3  
  24  10:05  Unknown  
  25  10:17  Hatchery  
  24  10:20  Hatchery  
  24  10:24  Hatchery  
  21  11:29  Queen  
  22  11:33  Swarmling x3  
  22  11:34  Swarmling x30  
  43  12:18  Scourge x2  
  43  12:19  Scourge x28  
  55  13:31  Swarmling x12  
  55  13:32  Swarmling x60  
  91  13:49  Unknown  
  52  14:47  Swarmling x3  
  52  14:48  Swarmling x21  
  52  14:49  Swarmling x63  
  95  14:50  Swarmling x6  
  96  15:36  Metabolic Boost  
  97  15:45  Roach x8  
  97  15:46  Roach x12  
  63  16:36  Hardened Carapace  
  58  17:09  Aberration x4  
  104  17:10  Aberration x4  
  54  17:36  Adrenal Overload  
  48  18:36  Shredding Claws  
  43  18:59  Swarmling x6  
  54  19:00  Swarmling x63  
  54  19:01  Swarmling x6  
  62  19:53  Roach x4  
  62  19:54  Roach x12  
  62  19:55  Roach x4  
  18  21:32  Swarmling x3  
  18  21:33  Swarmling x51  
  18  21:34  Swarmling x18  
  49  21:58  Scourge x2  
  49  21:59  Scourge x14  
  51  23:26  Roach x6  
  51  23:27  Roach x14  
  19  24:52  Scourge x2  
  19  24:53  Scourge x22  
  19  24:54  Scourge x4  
  19  24:55  Scourge x4  
  19  24:56  Scourge x8  
  19  24:57  Overlord x3  
  19  24:58  Overlord  
  41  25:37  Swarmling x3  
  41  25:38  Swarmling x30  
  41  25:39  Swarmling x15  
  67  25:41  Queen  
  70  26:11  Swarmling x9  
  70  26:12  Swarmling x27  
  88  26:35  Roach x6  
  88  26:36  Roach x14  
  23  27:49  Swarmling x18  
  47  27:50  Swarmling x33  
Show
View Real Time Build Order
Export as new Build Order

NamroodTuo Zerg 

Build Orders:  

Get SALT Encoding   

  12  0:20  Infested Barracks  
  12  0:29  Infested SCV  
  13  0:40  Overlord  
  13  0:47  Infested SCV  
  14  0:54  Infested SCV  
  15  1:06  Infested SCV  
  15  1:08  Infested SCV  
  17  1:29  Infestation Level 1  
  17  1:36  Infested SCV  
  18  1:41  Infested SCV  
  19  1:53  Infested SCV  
  19  1:55  Infested SCV  
  21  2:05  Infested Marine x2  
  23  2:10  Overlord  
  23  2:42  Infested Engineering Bay  
  23  2:47  Infested SCV x2  
  25  2:50  Infested Marine  
  25  2:51  Infested Marine x3  
  25  2:52  Infested Marine  
  25  2:59  Infested SCV  
  31  3:18  Overlord  
  31  3:37  Overlord  
  31  3:53  Infested Bunker  
  33  4:15  Infested SCV x2  
  35  4:23  Infested SCV  
  31  4:41  Infested Barracks  
  31  4:45  Infested Marine x4  
  31  4:46  Infested Marine x12  
  47  4:54  Overlord x2  
  47  5:08  Infested Refinery  
  47  5:12  Infested Refinery  
  47  5:14  Infested SCV, Infested Refinery  
  47  5:23  Infested Bunker  
  51  5:31  Infested Marine  
  51  5:32  Infested Marine x4  
  51  5:33  Infested Marine x4  
  51  5:34  Infested Marine x3  
  62  5:54  Overlord x2  
  62  5:55  Overlord  
  58  6:26  Infested SCV x2  
  60  6:35  Infested Marine x5  
  60  6:36  Infested Marine x13  
  67  6:45  Infested Bunker  
  71  7:10  Infested SCV  
  71  7:11  Infested SCV  
  71  7:14  Infested SCV  
  71  7:16  Regenerative Plating  
  63  7:24  Infested Marine x4  
  63  7:25  Infested Marine x5  
  63  7:26  Infested Marine x3  
  63  7:27  Infested Marine x4  
  63  7:28  Infested Marine x3  
  81  8:04  Infested Marine x4  
  81  8:05  Infested Marine x2  
  87  8:12  Infestation Level 2  
  87  8:21  Stukov Infantry Weapons Level 1  
  87  8:25  Infested SCV  
  87  8:26  Infested SCV  
  87  8:27  Infested SCV  
  73  8:31  Infested SCV  
  69  8:51  Infested Marine x5  
  69  8:52  Infested Marine x8  
  64  9:14  Infested Marine  
  64  9:15  Unknown, Infested Marine x13  
  64  9:16  Infested Marine x11  
  79  9:34  Infested SCV  
  79  9:35  Infested SCV  
  79  9:38  Infested SCV  
  56  10:12  Anaerobic Enhancement  
  56  10:15  Infested Marine  
  56  10:16  Infested Marine x23  
  76  10:25  Infested Barracks Tech Lab  
  76  10:42  Infested Factory  
  76  11:01  Stukov Infantry Armor Level 1  
  76  11:11  Broodling Gestation  
  66  11:45  Infested Bunker  
  59  12:03  Infested Bunker  
  60  12:15  Infested Bunker  
  64  12:37  Infested Bunker  
  63  13:39  Infested Bunker  
  75  14:16  Stukov Infantry Weapons Level 2  
  75  14:26  Infested Bunker  
  75  14:32  Infested Marine  
  75  14:33  Infested Marine x4  
  75  14:34  Infested Marine x7  
  87  14:59  Infested Barracks  
  81  15:11  Infested Barracks  
  81  15:14  Infested Bunker  
  81  15:28  Infested Missile Turret  
  81  15:48  Infested Marine x5  
  81  15:49  Infested Marine  
  87  15:54  Overlord x5  
  87  15:56  Infested Missile Turret  
  87  16:19  Infested Armory, Infested Marine  
  82  16:20  Infested Marine x3  
  82  16:21  Infested Marine  
  82  16:24  Infested Missile Turret  
  86  16:33  Infested Marine  
  86  16:34  Infested Marine x15  
  96  16:53  Infested Marine x5  
  96  16:54  Infested Marine x20  
  96  16:55  Infested Marine x3  
  119  17:14  Infested Marine x3  
  119  17:15  Infested Marine x6  
  123  17:26  Stukov Infantry Armor Level 2  
  123  17:28  Infested Marine  
  123  17:29  Infested Marine x6  
  123  17:30  Infested Marine x5  
  119  17:47  Infested Bunker  
  100  18:07  Infested Missile Turret  
  100  18:08  Infested Bunker  
  87  18:36  Infested Missile Turret  
  87  18:56  Infested Marine  
  87  18:57  Infested Marine x9  
  97  19:14  Infested Bunker  
  90  19:52  Infested Marine  
  90  19:53  Infested Marine x6  
  90  19:54  Infested Marine x15  
  110  20:04  Infested Missile Turret  
  109  20:34  Infested Marine  
  109  20:35  Infested Marine x11  
  109  20:36  Infested Marine x6  
  126  20:40  Infested Missile Turret  
  126  21:01  Overlord x2  
  126  21:02  Overlord x3  
  124  21:25  Infestation Level 3  
  124  21:28  Calcified Armor  
  118  21:32  Retinal Augmentation  
  98  22:13  Infested Marine x5  
  98  22:14  Infested Marine x18  
  98  22:15  Infested Marine x12  
  132  22:25  Overlord  
  132  22:26  Overlord x3  
  132  22:28  Overlord, Stukov Infantry Weapons Level 3  
  116  22:32  Plagued Munitions  
  115  22:44  Infested Marine  
  115  22:45  Infested Marine x10  
  115  22:46  Infested Marine x7  
  129  23:08  Infested Marine x2  
  129  23:09  Infested Marine x21  
  152  23:10  Infested Marine  
  153  23:26  Infested Marine  
  153  23:27  Infested Marine x13  
  153  23:28  Infested Marine x5  
  142  24:10  Infested Marine x4  
  142  24:11  Infested Marine x18  
  142  24:12  Infested Marine x8  
  171  24:26  Infested Bunker  
  173  24:36  Infested Missile Turret  
  153  24:48  Infested Marine  
  153  24:49  Infested Marine x8  
  159  24:50  Infested Marine x11  
  119  25:57  Infested Bunker  
  108  26:17  Infested Marine  
  108  26:18  Infested Marine x20  
  108  26:19  Infested Marine x21  
  146  26:20  Infested Marine x16  
  151  27:04  Infested Bunker  
  98  28:09  Infested Marine  
  85  28:10  Infested Marine x18  
  85  28:11  Infested Marine x14  
  85  28:17  Infested Marine  
  85  28:18  Infested Marine x7  
  85  28:19  Infested Marine x20  
  141  28:20  Infested Marine x20  
  141  28:21  Infested Marine x3  
  151  29:03  Infested Marine  
  151  29:04  Infested Marine x6  
  151  29:05  Infested Marine x20  
  151  29:06  Infested Marine x9  
Tags
 
Commander
StukovZagara
Matchup
Co-op
Replay Pack
Multiplayer
Add a new tag
Caveats
  • Supply blocks, unpowered buildings, or Contaminate may cause inaccurate times.
  • Supply counts are checked every 10 seconds.